 Dungeon Crawl Stone Soup version 0.31-a0-836-g3ceb0a68c4 (webtiles) character file.

Game seed: 12051957906398204327

40 Kurtz the Chopper (level 3, -5/26 HPs)
             Began as an Octopode Fighter on Sept 27, 2023.
             Slain by a gnoll
             ... wielding a +0 spear
              (7 damage)
             ... on level 2 of the Dungeon.
             The game lasted 00:00:36 (903 turns).

Kurtz the Chopper (Octopode Fighter)                 Turns: 903, Time: 00:00:37

Health: -5/26      AC:  1    Str: 17    XL:     3   Next: 50%
Magic:  3/3        EV: 13    Int: 10    God:
Gold:   13         SH:  4    Dex: 11    Spells: 2/2 levels left

rFire   . . .        a - +0 war axe
rCold   . . .        b - +0 buckler
rNeg    . . .        (helmet restricted)
rPois   .            (no amulet)
rElec   .            (no ring)
rCorr   .            (no ring)
SInv    .            (no ring)
Will    .....        (no ring)
Stlth   ++           (no ring)
HPRegen 0.24/turn    (no ring)
MPRegen 0.08/turn    (no ring)
                     (no ring)

%: no passive effects
@: mighty
A: almost no armour, amphibious, 8 rings, camouflage 1, gelatinous body 1,
(nimble swimmer 1), tentacles
a: no special abilities


You were on level 2 of the Dungeon.
You visited 1 branch of the dungeon, and saw 2 of its levels.

You collected 13 gold pieces.

Inventory:

Hand Weapons
 a - a +0 war axe (weapon)
Armour
 b - a +0 buckler (worn)
Scrolls
 d - 2 scrolls of enchant weapon {unknown}
 e - a scroll of teleportation {unknown}
 f - a scroll of identify {unknown}
 h - a scroll of vulnerability {unknown}
 i - a scroll of fear {unknown}
Potions
 g - a potion of enlightenment {unknown}


   Skills:
 - Level 3.0 Fighting
 * Level 3.8 Axes
 - Level 3.0 Dodging
 - Level 3.0 Shields


You had 2 spell levels left.
You didn't know any spells.
Your spell library contained the following spells:

 Spells                   Type           Power      Damage    Failure   Level
 Sting                    Tmut/Pois      0%         1d3       43%         1
 Poisonous Vapours        Pois/Air       0%         N/A       58%         2
 Olgreb's Toxic Radiance  Pois           0%         N/A       99%         4


Dungeon Overview and Level Annotations

Branches:
Dungeon (2/15)

Altars:
Gozag

Shops:
D:1 !


Innate Abilities, Weirdness & Mutations

You cannot wear most types of armour.
You are amphibious.
You can wear up to eight rings at the same time.
Your skin changes colour to match your surroundings (Stealth+).
Your rubbery body absorbs attacks. (AC +1, EV +1)
((You are camouflaged when in or above water. (Stealth+)))
You have tentacles for arms and can constrict up to eight enemies at once.


Message History

No target in view!
Found a stone staircase leading up.
No target in view!
A rat comes into view. 3 gnolls come into view.
There are monsters nearby!
Found an opulent altar of Gozag.
The gnoll shouts! x2
There are monsters nearby!
You block the gnoll's attack. The gnoll hits you with a +0 spear.
There are monsters nearby!
You barely miss the gnoll.
The gnoll shouts!
You grab the gnoll. You closely miss the rat. You constrict the gnoll.
The gnoll completely misses you. The rat bites you.
The rat bites you but does no damage. The gnoll hits you with a +0 spear!
There are monsters nearby!
You are too injured to fight recklessly!
Unknown command.
You release your grip on the gnoll.
You block the rat's attack.
The gnoll hits you from afar with a +0 spear.
The gnoll attacks as it pursues you! The gnoll misses you.
The gnoll attacks as it pursues you! You block the gnoll's attack.
The gnoll attacks as it pursues you! You block the gnoll's attack.
You feel very mighty all of a sudden. You block the gnoll's attack.
You slash the gnoll!
You kill the gnoll!
You hit the gnoll. Your grab misses the gnoll.
The gnoll is moderately wounded.
The gnoll barely misses you.
The gnoll hits you from afar with a +0 spear.
* * * LOW HITPOINT WARNING * * *
You slice the gnoll!!
You kill the gnoll!
The gnoll hits you from afar with a +0 spear.
* * * LOW HITPOINT WARNING * * *
The gnoll hits you from afar with a +0 spear!
You die...

##### #...# #...# #...#
###...# .. #########.....#
.#.##########.g)@.†...#...#
..............#########...#
.#......########## #...#
..$.###..rg......# #...#
.#. #...g......# ##.## .
..............# #.##
..###..........# #..#
#<.........# ##.#
##.....###.# #.#


You could see a gnoll.

Vanquished Creatures
  2 gnolls (D:2)
  2 dart slugs
  2 endoplasms (D:1)
  4 giant cockroaches
  2 goblins (D:1)
  3 hobgoblins (D:1)
  2 quokkas (D:1)
  2 bats (D:1)
  A frilled lizard (D:1)
  2 kobolds (D:1)
  4 rats (D:1)
26 creatures vanquished.

Notes
Turn   | Place    | Note
-------+----------+-------------------------------------------
     0 | D:1      | Kurtz the Octopode Fighter began the quest for the Orb.
     0 | D:1      | Reached XP level 1. HP: 16/16 MP: 1/1
   117 | D:1      | Reached XP level 2. HP: 16/21 MP: 2/2
   168 | D:1      | Found Nuisuo's Distillery.
   258 | D:1      | Found a faded altar of an unknown god.
   562 | D:1      | Reached XP level 3. HP: 26/26 MP: 3/3
   884 | D:2      | Found an opulent altar of Gozag.
   903 | D:2      | Slain by a gnoll

Illustrated notes

Levels and vault maps discovered:
D:1:      minmay_arrival_open_corners, layout_basic, serial_shops,
          nicolae_shop_peninsula, ebering_ecumenical_altar_box
D:2:      minmay_chambers_of_ones, layout_rooms, serial_shops, shop,
          basic_altar, serial_glass, glass_columns_b, glass_columns_b,
          glass_columns_b, minmay_pentomino_x2, uniq_natasha

Skill      XL: |  1  2 |
---------------+-------+-----
Axes           | 3 |  3.8
Fighting       | |  3.0
Dodging        | |  3.0
Shields        | |  3.0

Action                     || total
---------------------------++-------
  Melee: War axe           ||    41
         Constrict         ||    11
         Tentacles         ||     5
    Use: Potion            ||     1
   Stab: Sleeping          ||     6
 Armour: Skin              ||    19
  Dodge: Dodged            ||    16
  Block: Buckler           ||     7

Table legend: (Time is in decaauts)
 A = Elapsed time spent in this place.
 B = Non-inter-level travel time spent in this place.
 C = Inter-level travel time spent in this place.
 D = Time resting spent in this place.
 E = Time spent auto-exploring this place.
 F = Levels seen in this place.
 G = Mean time per level.
                   A        B        C        D        E       F      G
               +--------+--------+--------+--------+--------+-----+--------+
         Total |    919 |    824 |     95 |      0 |    654 |   2 |  459.5 |
       Dungeon |    919 |    824 |     95 |      0 |    654 |   2 |  459.5 |
               +--------+--------+--------+--------+--------+-----+--------+

Top non-repeatable levels by time:
     D:1: 823 daAuts
     D:2: 95 daAuts
